 Dungeon Crawl Stone Soup version 0.31.0-1-g2c135a008e (webtiles) character file.

Game seed: 5406525594041483489

566 qw the Shooter (level 7, -3/53 HPs)
             Began as a Djinni Hunter on Jan 23, 2024.
             Slain by an orc
             ... wielding a +0 long sword
              (4 damage)
             ... on level 5 of the Dungeon.
             The game lasted 00:00:18 (3725 turns).

qw the Shooter (Djinni Hunter)                      Turns: 3725, Time: 00:00:19

Health: -3/53      AC:  7    Str: 16    XL:     7   Next: 59%
Gold:   217        EV: 12    Int: 10    God:
                   SH:  0    Dex: 19

rFire   + + .        a - +1 shortbow (flame)
rCold   x . .        (shield currently unavailable)
rNeg    . . .        f - +0 ring mail
rPois   inf          d - +2 hat
rElec   .            (no cloak)
rCorr   .            (no gloves)
SInv    +            (boots unavailable)
Will    .....        (no amulet)
Stlth   +            h - ring of see invisible
HPRegen 0.28/turn    k - +6 ring of strength
MPRegen 0.00/turn

%: infuse magic (-4 HP)
@: about to teleport, flying
A: sickness immunity, fire resistance 2, cold vulnerability 1, float, innate
caster, HP casting, extra vitality 1
a: no special abilities


You were on level 5 of the Dungeon.
You visited 1 branch of the dungeon, and saw 5 of its levels.

You collected 217 gold pieces.


Innate Abilities, Weirdness & Mutations

You are immune to sickness and miasma.
You are immune to poison.
Your flesh is very heat resistant. (rF++)
You are vulnerable to cold. (rC-)
You float through the air rather than walking.
You learn spells naturally, not from books.
Your magical power is your life essence.
You have superior vitality. (+4 MHP)


   Skills:
 - Level 4.4 Fighting
 - Level 6.0 Ranged Weapons
 - Level 1.2 Armour
 + Level 3.0 Dodging
 - Level 0.7 Stealth


You knew the following spells:

 Your Spells              Type           Power      Damage    Failure   Level
a - Kiss of Death         Conj/Necr      0%         2d5       58%         1
b - Mercury Vapours       Alch/Air       0%         N/A       73%         2
c - Passwall              Erth           0%         N/A       91%         3
Your spell library was empty.

Inventory:

Hand Weapons
 a - a +1 shortbow of flaming (weapon)
Armour
 d - a +2 hat (worn)
 f - a +0 ring mail (worn)
Jewellery
 h - a ring of see invisible (left hand)
 k - a +6 ring of strength (right hand)
 Y - a ring of resist corrosion
Scrolls
 g - 2 scrolls of teleportation
Potions
 i - 2 potions of haste

Dungeon Overview and Level Annotations

Branches:
Dungeon (5/15)
 Temple: D:4-7

Altars:
Trog
Uskayaw
Zin
The Shining One

Shops:
D:3 (

Annotations:
D:5 Dowan, Duvessa


Message History

The orc barely misses you.
You shoot an arrow. The arrow barely misses Duvessa.
Duvessa closely misses you. Dowan hits you with a +0 dagger.
The orc barely misses you. Duvessa hits you with a +0 short sword.
You shoot an arrow. The arrow hits Duvessa.
The arrow burns Duvessa.
Duvessa is moderately wounded.
Dowan closely misses you. The orc hits you with a +0 long sword.
Duvessa hits you with a +0 short sword.
You shoot an arrow. The arrow closely misses Duvessa.
Dowan completely misses you. The orc hits you with a +0 long sword.
Duvessa barely misses you.
Dowan throws and catches a handful of magical flame, then smirks.
Dowan closely misses you.
You shoot an arrow. The arrow barely misses Duvessa.
The orc hits you with a +0 long sword. Duvessa hits you with a +0 short sword.
Dowan hits you but does no damage. The orc completely misses you.
You shoot an arrow.
The arrow hits Duvessa but does no damage.
Duvessa is moderately wounded.
Duvessa hits you with a +0 short sword!
Dowan points at Duvessa and mumbles some strange words.
Duvessa seems to speed up.
The orc hits you with a +0 long sword.
You shoot an arrow. The arrow barely misses Duvessa.
Duvessa hits you with a +0 short sword.
Dowan points at you and mumbles some strange words.
The puff of frost misses you. Duvessa hits you with a +0 short sword.
The orc closely misses you.
You shoot an arrow.
The arrow hits Duvessa but does no damage.
Duvessa is moderately wounded.
Duvessa barely misses you. Dowan gestures at you while chanting.
The puff of frost hits you!
You feel a terrible chill! The orc barely misses you.
Duvessa closely misses you.
3725 ||| READING 3 scrolls of teleportation.
As you read the scroll of teleportation, it crumbles to dust.
You feel strangely unstable. Dowan hits you with a +0 dagger.
Duvessa barely misses you. The orc hits you with a +0 long sword.
You die...

##..# #...........#
#..## #............#
###..##.............##
.##..##..............#
.###..#.)........)...#
.#
#..#.............######
.#
##....................#
.#
#............o.#####...
## ##..#......[@e##
#..####...e.## ##..#
###..## #..## ##.##
#### ##..###.## ...#
#...#.## ...## #....[##
....####......##
.....#.........#


You could see Duvessa (fast), Dowan and an orc.

Vanquished Creatures
  An ogre (D:5)
  A scorpion (D:4)
  A bombardier beetle (D:5)
  A hound (D:4)
  An orc priest (D:4)
  Natasha (thrice) (D:4)
  3 orc wizards
  Robin (D:3)
  9 adders
  2 dart slugs
  3 ribbon worms
  An orc (D:4)
  5 bats
  3 endoplasms
  A giant cockroach (D:4)
  16 goblins
  7 hobgoblins
  5 kobolds
  6 quokkas
  8 ball pythons
  10 frilled lizards
  5 rats
93 creatures vanquished.

Notes
Turn   | Place    | Note
-------+----------+-------------------------------------------
     0 | D:1      | qw the Djinni Hunter began the quest for the Orb.
     0 | D:1      | Reached XP level 1. HP: 18/18 MP: 0/0
     0 | D:1      | 0 ||| qw: Version: 0.3-a-134-g2ba4250
     0 | D:1      | 0 ||| qw: Game counter: 723
     0 | D:1      | 0 ||| qw: Melee chars always use a shield: true
     0 | D:1      | 0 ||| qw: God list: Okawaru
     0 | D:1      | 0 ||| qw: Allow faded altars: false
     0 | D:1      | 0 ||| qw: Do Orc after clearing Dungeon:15 true
     0 | D:1      | 0 ||| qw: Do second Lair branch before Depths: true
     0 | D:1      | 0 ||| qw: Lair rune preference: random
     0 | D:1      | 0 ||| qw: Goals: Normal
     0 | D:1      | 0 ||| PLANNING D:1-11
   142 | D:1      | Reached XP level 2. HP: 23/23 MP: 0/0
   412 | D:1      | Reached XP level 3. HP: 28/28 MP: 0/0
   412 | D:1      | Learned a level 1 spell: Kiss of Death
   506 | D:1      | Reached skill level 4 in Ranged Weapons
   723 | D:1      | 723 ||| UPGRADING to +2 hat.
   728 | D:1      | 728 ||| DROPPING +6 ring of intelligence.
   729 | D:1      | 729 ||| READING scroll labelled JUEL LIURHI.
   729 | D:1      | 729 ||| BRANDING +0 shortbow.
   730 | D:1      | 730 ||| READING scroll labelled LOATUA MADEES.
   731 | D:1      | 731 ||| READING 2 scrolls labelled BAGE BEELITZ.
   731 | D:1      | 731 ||| IDENTIFYING smoky orange potion
   732 | D:1      | 732 ||| READING scroll of identify.
   732 | D:1      | 732 ||| IDENTIFYING sedimented orange potion
   733 | D:1      | 733 ||| READING scroll labelled QARCHO KYFRUTOJ.
   734 | D:1      | 734 ||| DROPPING scroll of butterflies.
   735 | D:1      | 735 ||| DROPPING potion of magic.
   942 | D:2      | Reached skill level 3 in Fighting
   942 | D:2      | Reached XP level 4. HP: 35/35 MP: 0/0
  1024 | D:2      | Found a glowing silver altar of Zin.
  1337 | D:2      | Reached skill level 3 in Dodging
  1464 | D:2      | 1464 ||| UPGRADING to +0 ring mail.
  1474 | D:2      | 1474 ||| DROPPING +0 leather armour.
  1475 | D:2      | 1475 ||| READING 2 scrolls labelled NUCSUGEN VIUN.
  1478 | D:2      | 1478 ||| READING scroll labelled QIXI JIESU RICZEKE.
  1479 | D:2      | 1479 ||| DRINKING 2 lumpy emerald potions.
  1480 | D:2      | 1480 ||| DRINKING 3 silvery potions.
  1481 | D:2      | 1481 ||| DRINKING 3 potions of curing.
  1481 | D:2      | 1481 ||| (to cure confusion)
  1482 | D:2      | 1482 ||| DROPPING potion of degeneration.
  1483 | D:2      | 1483 ||| DROPPING 2 potions of ambrosia.
  1659 | D:3      | Reached skill level 1 in Armour
  1659 | D:3      | Reached XP level 5. HP: 40/40 MP: 0/0
  1659 | D:3      | Learned a level 2 spell: Mercury Vapours
  1802 | D:3      | Found Meit's Antique Weapon Shoppe.
  1811 | D:3      | 1811 ||| SHOPLISTING arbalest (90 gold, have 79).
  1876 | D:3      | Found a hide-covered altar of Uskayaw.
  1879 | D:3      | Noticed Robin
  1900 | D:3      | Killed Robin
  2007 | D:3      | Found a bloodstained altar of Trog.
  2271 | D:3      | 2271 ||| UPGRADING to +6 ring of strength.
  2272 | D:3      | 2272 ||| UPGRADING to ring of resist corrosion.
  2273 | D:3      | 2273 ||| READING scroll of identify.
  2273 | D:3      | 2273 ||| IDENTIFYING viscous clear potion
  2274 | D:3      | 2274 ||| READING scroll labelled ZIEBOM NOUHENT.
  2375 | D:3      | 2375 ||| DROPPING potion of berserk rage.
  2504 | D:4      | Noticed Natasha
  2514 | D:4      | Killed Natasha
  2615 | D:4      | Reached XP level 6. HP: 46/46 MP: 0/0
  2621 | D:4      | Found a glowing golden altar of the Shining One.
  2646 | D:4      | Noticed Natasha
  2648 | D:4      | 2648 ||| FLEEEEING.
  2649 | D:4      | 2649 ||| FLEEEEING.
  2650 | D:4      | 2650 ||| FLEEEEING.
  2651 | D:4      | 2651 ||| FLEEEEING.
  2652 | D:4      | 2652 ||| FLEEEEING.
  2653 | D:4      | 2653 ||| FLEEEEING.
  2654 | D:4      | 2654 ||| FLEEEEING.
  2655 | D:4      | 2655 ||| FLEEEEING.
  2657 | D:4      | Killed Natasha
  2658 | D:4      | Reached skill level 5 in Ranged Weapons
  2672 | D:4      | Noticed Natasha
  2682 | D:4      | Killed Natasha
  3098 | D:4      | 3098 ||| READING scroll of brand weapon.
  3098 | D:4      | 3098 ||| BRANDING +0 shortbow of freezing.
  3244 | D:4      | 3244 ||| UPGRADING to ring of see invisible.
  3246 | D:4      | 3246 ||| UPGRADING to +6 ring of strength.
  3248 | D:4      | 3248 ||| READING scroll of identify.
  3248 | D:4      | 3248 ||| IDENTIFYING 2 fizzy cyan potions
  3249 | D:4      | 3249 ||| READING scroll labelled DABUPAN HONACW.
  3249 | D:4      | 3249 ||| ENCHANTING +0 shortbow of flaming.
  3287 | D:5      | Entered Level 5 of the Dungeon
  3292 | D:5      | 3292 ||| STAIRDANCE
  3302 | D:4      | Reached XP level 7. HP: 46/53 MP: 0/0
  3302 | D:4      | Learned a level 3 spell: Passwall
  3329 | D:5      | 3329 ||| STAIRDANCE
  3331 | D:4      | 3331 ||| DRINKING 2 potions of curing.
  3331 | D:4      | 3331 ||| (to cure confusion)
  3335 | D:5      | 3335 ||| STAIRDANCE
  3337 | D:4      | 3337 ||| DRINKING potion of curing.
  3337 | D:4      | 3337 ||| (to cure confusion)
  3505 | D:5      | Noticed Dowan
  3506 | D:5      | Noticed Duvessa
  3507 | D:5      | 3507 ||| RETREEEEATING.
  3508 | D:5      | 3508 ||| RETREEEEATING.
  3509 | D:5      | 3509 ||| RETREEEEATING.
  3510 | D:5      | 3510 ||| RETREEEEATING.
  3511 | D:5      | 3511 ||| RETREEEEATING.
  3512 | D:5      | 3512 ||| RETREEEEATING.
  3513 | D:5      | 3513 ||| RETREEEEATING.
  3514 | D:5      | 3514 ||| RETREEEEATING.
  3515 | D:5      | 3515 ||| FLEEEEING.
  3516 | D:5      | 3516 ||| FLEEEEING.
  3517 | D:5      | 3517 ||| FLEEEEING.
  3518 | D:5      | 3518 ||| FLEEEEING.
  3519 | D:5      | 3519 ||| FLEEEEING.
  3520 | D:5      | 3520 ||| FLEEEEING.
  3521 | D:5      | 3521 ||| FLEEEEING.
  3522 | D:5      | 3522 ||| FLEEEEING.
  3523 | D:5      | 3523 ||| FLEEEEING.
  3524 | D:5      | 3524 ||| FLEEEEING.
  3525 | D:5      | 3525 ||| STAIRDANCE
  3613 | D:4      | 3613 ||| READING scroll of identify.
  3613 | D:4      | 3613 ||| IDENTIFYING blue potion
  3614 | D:4      | 3614 ||| READING scroll labelled VIR NOAMYMITI.
  3615 | D:4      | 3615 ||| DROPPING potion of brilliance.
  3618 | D:5      | 3618 ||| STAIRDANCE
  3622 | D:5      | 3622 ||| STAIRDANCE
  3645 | D:5      | 3645 ||| STAIRDANCE
  3682 | D:5      | 3682 ||| STAIRDANCE
  3686 | D:4      | Reached skill level 6 in Ranged Weapons
  3724 | D:5      | HP: 3/53 [Dowan/puff of frost (13)]
  3725 | D:5      | 3725 ||| READING 3 scrolls of teleportation.
  3725 | D:5      | HP: 1/53 [Dowan/+0 dagger (2)]
  3725 | D:5      | Slain by an orc

Levels and vault maps discovered:
D:1:      eino_arrival_tree_alley, layout_basic, st_stairs_10, minivault_19
D:2:      layout_basic, basic_altar
D:3:      layout_loops_ring, mainiacjoe_overflow_catch_the_wave, serial_shops,
          nicolae_shop_crystal, uniq_robin
D:4:      layout_cave_pods, mainiacjoe_overflow_chevrons,
          kennysheep_generic_room_9, uniq_natasha
D:5:      layout_cave_pods, minmay_temple_entry_butterflies, uniq_duvessa,
          uniq_sigmund

Skill      XL: |  1  2  3  4  5  6  7 |
---------------+----------------------+-----
Ranged Weapons | 4 5 6 |  6.0
Fighting       | 3 4 |  4.4
Dodging        | 3 |  3.0
Armour         | 1 |  1.2
Stealth        | |  0.7

Action                     |  1- 3 |  4- 6 |  7- 9 || total
---------------------------+-------+-------+-------++-------
   Fire: Shortbow          |    95 |   168 |    31 ||   294
    Use: Scroll            |     5 |     7 |     3 ||    15
         Potion            |       |     3 |     2 ||     5
 Armour: Leather armour    |    19 |     1 |       ||    20
         Ring mail         |       |    66 |    36 ||   102
  Dodge: Dodged            |    13 |    50 |    25 ||    88

Table legend:
 A = Non-vault XP
 B = Vault XP
 C = Vault XP percentage of total XP
 D = Non-vault monster count
 E = Vault monster count
 F = Vault count percentage of total count
                 A         B        C        D         E       F
            +---------+---------+-------+---------+---------+-------
      Total |     668 |     141 |  17.4 |      74 |      19 |  20.4
            +---------+---------+-------+---------+---------+-------
        D:1 |      27 |       4 |  12.9 |      18 |       3 |  14.3
        D:2 |      82 |       0 |   0.0 |      21 |       0 |   0.0
        D:3 |      37 |      39 |  51.3 |      12 |      13 |  52.0
        D:4 |     326 |      98 |  23.1 |      20 |       3 |  13.0
        D:5 |     196 |       0 |   0.0 |       3 |       0 |   0.0
            +---------+---------+-------+---------+---------+-------
